 Dungeon Crawl Stone Soup version 0.21-a0-229-g3587535 (webtiles) character file.

697806 Blomdor the Invulnerable (level 27, -61/249 HPs)
             Began as a Barachi Warper on Sept 1, 2017.
             Was the Champion of Okawaru.
             Killed from afar by an ancient lich (105 damage)
             ... with a crystal spear
             ... on level 5 of the Realm of Zot.
             The game lasted 02:35:00 (67477 turns).

Blomdor the Invulnerable (Barachi Warper)          Turns: 67477, Time: 02:35:01

Health: -61/249    AC: 53    Str: 29 (30) XL:     27
Magic:  24/31      EV: 17    Int:  9      God:    Okawaru [******]
Gold:   4806       SH: 29    Dex:  9      Spells: 30/30 levels left

rFire    + + +     SeeInvis .   R - +9 broad axe (vamp)
rCold    + + +     Gourm    .   s - +2 large shield {AC+3}
rNeg     + + .     Faith    +   l - +8 gold dragon scales
rPois    +         Spirit   .   B - +2 hat {MR+}
rElec    +         Reflect  .   K - +3 cloak of Trumpets {rElec rC+ rCorr Str-2}
rCorr    +         Harm     .   G - +2 pair of gloves {Str+3}
MR       +++..     Clarity  +   Y - +2 pair of boots {run}
Stlth    ..........             k - amulet of faith
HPRegen  0.51/turn              w - ring of Ecetzif {rPois rF++ rN+ Dex-3 Slay+3}
MPRegen  0.22/turn              g - ring "Xanesahi" {rPois rN+ Str+9 Int-4 Slay-2}

@: lethally poisoned (-61 -> -67), heroism, finesse, corroded
A: +LOS, swims, iridescent scales 1, yellow scales 1, blurry vision 1, clarity,
clumsy 1, cold resistance 1, deterioration 1, dopey 1, low mp 1, slowness 1,
weak 1, strong legs 2
}: 3/15 runes: decaying, serpentine, silver
a: Hop, Heroism, Finesse, Renounce Religion


You were on level 5 of the Realm of Zot.
You worshipped Okawaru.
Okawaru was exalted by your worship.
You were not hungry.

You visited 10 branches of the dungeon, and saw 52 of its levels.
You also visited: Ice Cave, Wizlab and Desolation.

You collected 8526 gold pieces.
You spent 3720 gold pieces at shops.

Inventory:

Hand Weapons
 R - a +9 vampiric broad axe (weapon)
Missiles
 v - 6 throwing nets (quivered)
Armour
 l - +8 gold dragon scales (worn)
 s - a +2 large shield of protection (worn)
 B - a +2 hat of magic resistance (worn)
 G - a +2 pair of gloves of strength (worn)
 K - the +3 cloak of Trumpets (worn) {rElec rC+ rCorr Str-2}
   (Okawaru gifted it to you in the Desolation of Salt)

   It affects your strength (-2).
   It protects you from cold.
   It insulates you from electricity.
   It protects you from acid and corrosion.
 Y - a +2 pair of boots of running (worn)
Jewellery
 g - the ring "Xanesahi" (right hand) {rPois rN+ Str+9 Int-4 Slay-2}
   (You found it on level 3 of the Crypt)

   [ring of positive energy]

   It affects your strength (+9).
   It affects your intelligence (-4).
   It affects your accuracy and damage with ranged weapons and melee attacks
   (-2).
   It protects you from poison.
   It protects you from negative energy.
 k - an amulet of faith (around neck)
 w - the ring of Ecetzif (left hand) {rPois rF++ rN+ Dex-3 Slay+3}
   (You found it on level 3 of the Crypt)

   [ring of positive energy]

   It affects your dexterity (-3).
   It affects your accuracy and damage with ranged weapons and melee attacks
   (+3).
   It greatly protects you from fire.
   It protects you from poison.
   It protects you from negative energy.
 T - the ring of the Mage {Wiz MR++ Int+3}
   (You found it on level 3 of the Elven Halls)

   [ring of wizardry]

   It improves your spell success rate.
   It affects your intelligence (+3).
   It affects your resistance to hostile enchantments.
Wands
 j - a wand of digging (7/24)
 A - a wand of digging (10/24)
Scrolls
 b - 2 scrolls of magic mapping
 d - 4 scrolls of blinking
 e - 2 scrolls of silence
 h - 22 scrolls of teleportation
 n - 20 scrolls of remove curse
 o - 7 scrolls of recharging
 q - 4 scrolls of holy word
 t - 6 scrolls of identify
 J - 5 scrolls of fear
 N - 9 scrolls of fog
Potions
 a - 2 potions of resistance
 c - 4 potions of might
 i - 3 potions of berserk rage
 m - 8 potions of haste
 p - 20 potions of curing
 r - 2 potions of heal wounds
 D - 7 potions of agility
 F - 7 potions of ambrosia
 I - 3 potions of cancellation
 L - 8 potions of lignification
 M - 12 potions of flight
 O - 3 potions of mutation
 W - 2 potions of invisibility
Miscellaneous
 x - 3 boxes of beasts
 U - 3 phantom mirrors
 V - 3 sacks of spiders
Comestibles
 f - 33 bread rations
 u - 3 chunks of flesh
 z - 10 meat rations
 C - 10 royal jellies


   Skills:
 O Level 27 Fighting
 - Level 22.6(27) Axes
 - Level 1.0(6.0) Throwing
 O Level 27 Armour
 - Level 20.9(25.9) Dodging
 - Level 25.2(27) Shields
 - Level 2.1 Spellcasting
   Level 3.2 Translocations
 - Level 8.2 Invocations
 * Level 16.6 Evocations


You had 30 spell levels left.
You didn't know any spells.

Dungeon Overview and Level Annotations

Branches:
Dungeon (15/15)            Temple (0/1) D:7            Lair (6/6) D:10
  Swamp (4/4) Lair:2        Snake (4/4) Lair:4        Slime (0/5) Lair:5
    Orc (2/2) D:11            Elf (3/3) Orc:2        Vaults (5/5) D:14
  Crypt (3/3) Vaults:3       Tomb (0/3) Crypt:3      Depths (5/5) D:15
    Zot (5/5) Depths:5

Altars:
Dithmenos
Elyvilon
Fedhas
Kikubaaqudgha
Okawaru
Qazlal
Ru
Sif Muna
Trog
Uskayaw
Wu Jian
Xom
Yredelemnul
Zin
The Shining One
Beogh

Shops:
D:10 *   D:14 [   Orc:1 =   Orc:2 (:??   Snake:2 [   Vaults:1 ![   Vaults:4 !
Vaults:5 [   Depths:1 }==   Depths:3 [   Depths:4 [

Portals:
Hell: Depths:1 Depths:2 Depths:3 Depths:4 Depths:5
Abyss: Depths:3 Depths:4
Pandemonium: Orc:2 Depths:1 Depths:3 Depths:5
Ziggurat: Depths:4

Annotations:
Lair:2 exclusion: 2 oklob plants
Lair:5 exclusion: oklob plant


Innate Abilities, Weirdness & Mutations

Shadows flee at your approach. (+LOS)
You can swim through water.
You cover ground slowly.
You can hop longer distances.
You are partially covered in iridescent scales. (AC +2)
You are partially covered in yellow scales. (AC +2)
Scrolls take you a little longer to read.
You possess an exceptional clarity of mind.
You are clumsy. (Dex -2)
Your flesh is cold resistant. (rC+)
Your body sometimes deteriorates upon taking damage.
You are dopey. (Int -2)
Your magical capacity is low. (-10% MP)
You are weak. (Str -2)


Message History

The ancient lich is almost destroyed.
You miss the orb of fire. You hit the curse toe but do no damage.
You feel sick.
Unknown command.
You slash the ancient lich!
The ancient lich is almost destroyed.
You slice the curse toe!!
You hit the orb of fire but do no damage.
The ancient lich gestures at you while chanting.
The bolt of acid hits you! You resist.
* * * LOW HITPOINT WARNING * * *
The acid corrodes you!
You are splashed with acid!
The acid burns!
You resist.
* * * LOW HITPOINT WARNING * * *
The orb of fire emits a lurid red light.
Strange energies course through your body.
You feel clumsy.
You feel much better.
You feel sick.
The ancient lich points at you and mumbles some strange words.
The crystal spear hits you!
You die...

.# ##..................#
## #....................
# #.........^..........
## #.....^..............
.# #....................
.## #.......^..^.........
..###........)...........
...###...^....f...^.....#
#....##.........@.(....##
###............*zL....##
#▓▓▓▓▓▓▓▓▓▓▓##.....▓▓
.......▓ ........▓
..........▓ ...........
............ ...........▓


You could see an orb of fire, an ancient lich, a curse toe and a wandering
mushroom.

Vanquished Creatures
  5 ancient liches
  Khufu (Crypt:3)
  Mara (Swamp:4)
  3 orbs of fire
  A juggernaut (Depths:5)
  Sojobo (Crypt:1)
  Saint Roka (Snake:2)
  Margery (Crypt:2)
  Xtahua (Crypt:2)
  9 caustic shrikes
  A curse toe (Zot:4)
  14 golden dragons
  Nikola (Swamp:3)
  A profane servitor (Crypt:3)
  A bone dragon (Crypt:3)
  10 Orb Guardians (Zot:5)
  14 tentacled monstrosities
  A Brimstone Fiend (Depths:1)
  An Ice Fiend (Depths:1)
  3 deep elf blademasters
  2 deep elf master archers (Elf:3)
  8 titans
  5 liches
  13 quicksilver dragons
  6 death cobs
  A sphinx (shapeshifter) (Elf:1)
  5 sphinxes
  3 ancient champions
  A tentacled starspawn (WizLab)
  9 tengu reavers
  Kirke (Swamp:4)
  11 shadow dragons
  An eldritch tentacle (WizLab)
  5 draconian monks
  Agnes (D:15)
  19 storm dragons
  A thorn hunter (Swamp:4)
  Donald (Swamp:4)
  7 nagarajas
  5 revenants
  12 fire giants
  Aizul (Snake:3)
  23 frost giants
  5 draconian scorchers
  4 draconian knights
  2 orc warlords
  5 iron dragons
  7 deep elf sorcerers
  2 balrugs (Depths:1)
  13 vault wardens
  An imperial myrmidon (Desolation)
  A juggernaut zombie (Depths:3)
  4 ghost moths
  3 draconian shifters
  A draconian stormcaller (Zot:1)
  4 ghouls
  A reaper (Crypt:3)
  3 deep elf elementalists
  4 spriggan defenders
  2 angels (Elf:2)
  A war gargoyle (Vaults:5)
  27 stone giants
  17 ironheart preservers
  9 vampire knights
  4 entropy weavers
  19 very ugly things
  4 draconian annihilators
  15 green draconians
  7 deep elf annihilators
  6 spark wasps
  13 deep elf demonologists
  A starcursed mass (WizLab)
  8 black draconians
  14 purple draconians
  6 red draconians
  A halazid warlock (Desolation)
  11 yellow draconians
  21 ettins
  11 white draconians
  4 blizzard demons
  3 crystal guardians (Desolation)
  2 mummy priests (Crypt:3)
  7 ragged hierophants (Desolation)
  A death ooze (Swamp:4)
  3 green deaths
  A fire dragon (shapeshifter) (Depths:3)
  28 yaktaur captains
  5 eidola
  16 jiangshi
  9 deep elf death magi
  8 deep elf high priests
  10 fire dragons
  7 great orbs of eyes
  Harold (Lair:3)
  29 vault guards
  6 servants of whispers (Desolation)
  3 hell beasts
  8 ice dragons
  14 hydras
  18 naga warriors
  17 centaur warriors
  3 spriggan air magi
  6 rakshasas
  A catoblepas (D:14)
  5 peacekeepers (Desolation)
  12 anacondas
  9 death knights
  28 dancing weapons
  9 alligators
  19 two-headed ogres
  A death yak (Lair:6)
  4 deep troll shamans
  2 tengu warriors
  5 spriggan berserkers (Depths:5)
  3 thrashing horrors
  A queen ant (Lair:5)
  11 deep troll earth magi
  Urug (D:13)
  12 ogre magi
  A shock serpent (shapeshifter) (Depths:5)
  8 naga sharpshooters
  29 deep elf knights
  7 vampire magi
  6 hell knights
  10 shock serpents
  8 orc high priests
  4 soul eaters
  An iron troll (Depths:1)
  6 salamander mystics
  6 sun demons (Depths:1)
  6 shadow wraiths
  A fire crab (shapeshifter) (D:15)
  43 skeletal warriors
  A spark wasp zombie (Depths:3)
  The ghost of triglyceri the Spear-Bearer, a novice MfSk of Ashenzari (D:7)
  An infernal demonspawn (Orc:2)
  2 sea snakes (Snake:2)
  A gelid demonspawn (Depths:3)
  26 deep trolls
  An unseen horror (shapeshifter) (Vaults:5)
  5 unseen horrors
  A death drake (shapeshifter) (Vaults:4)
  4 glowing orange brains
  13 flayed ghosts
  An obsidian statue (WizLab)
  A wolf spider zombie (Crypt:1)
  7 swamp dragons
  A spriggan druid (Swamp:2)
  A shadow dragon zombie (Crypt:3)
  8 necromancers
  2 shambling mangroves
  4 wizards
  11 naga ritualists
  A tengu zombie (Depths:3)
  9 mana vipers
  A harpy (Vaults:1)
  17 ironbrand convokers
  22 deep elf archers
  3 swamp dragons (shapeshifter)
  50 ugly things
  21 orc knights
  18 phantasmal warriors
  A cyclops (shapeshifter) (Depths:2)
  11 orc sorcerers
  78 deep elf magi
  An iron dragon skeleton (Depths:3)
  3 wolf spiders
  A moth of wrath (shapeshifter) (Elf:2)
  14 elephants
  A shadow dragon skeleton (Crypt:3)
  A frost giant zombie (Depths:3)
  12 salamanders
  15 moths of wrath
  A sphinx skeleton (Depths:3)
  A fire giant skeleton (Depths:3)
  A manticore (D:15)
  An eye of devastation (shapeshifter) (Vaults:5)
  9 cyclopes
  A stone giant skeleton (WizLab)
  A molten gargoyle (Desolation)
  A guardian serpent (shapeshifter) (Elf:1)
  A rust devil (Depths:1)
  13 vault sentinels
  A gargoyle (D:12)
  10 spiny frogs
  A spriggan skeleton (Depths:3)
  50 black mambas
  10 guardian serpents
  A spiny frog (shapeshifter) (Depths:4)
  A torpor snail (Lair:6)
  17 naga magi
  An efreet (WizLab)
  6 orange demons
  A rime drake (shapeshifter) (Depths:2)
  A yaktaur (shapeshifter) (Vaults:4)
  A rime drake (Lair:6)
  6 komodo dragons
  20 freezing wraiths
  A purple draconian zombie (Crypt:2)
  A human zombie (Vaults:3)
  A komodo dragon (shapeshifter) (Vaults:5)
  74 yaktaurs
  13 ice devils
  An anaconda simulacrum (IceCv)
  A tormentor (WizLab)
  An ancient zyme (WizLab)
  A yaktaur skeleton (Vaults:3)
  A meliai (shapeshifter) (Depths:3)
  8 polar bears
  A golden dragon simulacrum (IceCv)
  7 guardian mummies (Crypt:3)
  2 tengu conjurers
  4 red devils
  11 trolls
  2 tyrant leeches
  A merfolk (shapeshifter) (Depths:5)
  A minotaur zombie (Crypt:2)
  A minotaur skeleton (Crypt:1)
  2 wind drakes (shapeshifter)
  3 meliai (D:14)
  27 blink frogs
  A jumping spider (Vaults:2)
  18 hornets
  2 tengu simulacra (Vaults:3)
  A hornet (shapeshifter) (Vaults:2)
  47 slime creatures
  A wolf spider simulacrum (IceCv)
  52 saltlings (Desolation)
  10 hippogriffs
  7 bog bodies
  2 dream sheep (Lair:6)
  A deep troll skeleton (WizLab)
  A wyvern (D:10)
  3 redbacks (Vaults:2)
  23 spriggans
  2 air elementals
  A vampire (D:13)
  7 shadows
  2 ynoxinuls
  A tarantella (shapeshifter) (Vaults:5)
  57 flying skulls
  A spriggan (shapeshifter) (Depths:3)
  2 water elementals
  51 yaks
  11 large abominations
  2 dire elephant simulacra (IceCv)
  10 wraiths
  A basilisk (Lair:4)
  4 chaos spawn
  3 fire elementals
  A hog (shapeshifter) (Depths:5)
  2 hungry ghosts
  A black mamba skeleton (Crypt:3)
  A steam dragon (D:11)
  A yaktaur simulacrum (Vaults:4)
  2 basilisks (shapeshifter)
  A neqoxec (Orc:2)
  2 iron troll simulacra (IceCv)
  5 harpy simulacra (IceCv)
  2 elf skeletons
  24 swamp worms
  Edmund (D:5)
  79 nagas
  10 vampire mosquitoes
  3 death yak simulacra (IceCv)
  3 spatial vortices (WizLab)
  4 acid dragons
  3 insubstantial wisps (WizLab)
  2 merfolk zombies (Crypt:1)
  A swamp worm (shapeshifter) (D:14)
  9 wargs
  16 water moccasins
  A hell hound (WizLab)
  A two-headed ogre zombie (Crypt:1)
  A hydra simulacrum (IceCv)
  A monstrous demonspawn zombie (Crypt:2)
  12 soldier ants
  3 floating eyes
  10 porcupines
  10 swamp drakes
  73 orc warriors
  2 ice beasts
  8 necrophages
  7 black bears
  3 sky beasts
  2 phantoms
  A deep troll simulacrum (Depths:1)
  3 ettin simulacra (IceCv)
  16 boggarts
  An ogre (shapeshifter) (Vaults:2)
  19 wolves
  23 ogres
  24 centaurs
  The ghost of Beardo the Charmwright, an amateur TeSk (D:4)
  A fire crab zombie (Crypt:1)
  11 crocodiles
  3 big kobolds
  3 earth elementals
  13 bullfrogs
  A wyvern zombie (D:12)
  A glowing shapeshifter simulacrum (Vaults:2)
  A wyvern skeleton (D:11)
  3 scorpions
  A hippogriff skeleton (Crypt:2)
  A spriggan zombie (Crypt:2)
  10 killer bees
  6 wights
  2 vampire bats (D:6)
  3 howler monkeys (D:8)
  5 crimson imps
  3 draconian simulacra (IceCv)
  6 human simulacra
  3 quasits
  3 centaur zombies
  2 hounds
  17 jellies
  30 orc wizards
  A bullfrog zombie (D:10)
  38 orc priests
  3 centaur skeletons
  2 bullfrog skeletons
  3 iguanas
  An iron imp (Depths:3)
  A basilisk skeleton (Crypt:2)
  Jessica (D:5)
  24 worker ants
  A polar bear simulacrum (IceCv)
  A troll simulacrum (IceCv)
  A spriggan simulacrum (IceCv)
  A wolf simulacrum (IceCv)
  2 centaur simulacra (IceCv)
  An ogre zombie (Crypt:1)
  6 small abominations
  A hound zombie (D:6)
  4 hound skeletons
  11 adders
  An ogre simulacrum (IceCv)
  2 naga simulacra (IceCv)
  5 shadow imps
  12 white imps
  9 ufetubi
  15 oozes (Lair:5)
  2 adder zombies
  4 adder skeletons
  3 worms
  3 dart slugs
  4 leopard geckos
  146 orcs
  2 ball pythons
  3 giant cockroaches
  4 goblins
  7 hobgoblins
  A hobgoblin (shapeshifter) (Vaults:5)
  16 jackals
  6 quokkas
  7 bats
  6 frilled lizards
  19 kobolds
  A leopard gecko skeleton (D:6)
  An orc skeleton (Crypt:2)
  2 quokka skeletons (D:7)
  6 rats
  4 crawling corpses
  3 fungi
  A lurking horror (WizLab)
  5 plants
2882 creatures vanquished.

Vanquished Creatures (collateral kills)
  A dancing weapon (Elf:2)
1 creature vanquished.

Vanquished Creatures (others)
  An ironheart preserver (Vaults:3)
  A deep elf annihilator (Vaults:5)
  A fire dragon (Depths:4)
  A deep troll earth mage (Depths:4)
  An unseen horror (D:15)
  A deep elf mage (Elf:1)
  A cyclops (shapeshifter) (Vaults:5)
  A moth of wrath (Zot:4)
  A black mamba (Snake:2)
  3 humans (Swamp:4)
  A hog (Swamp:4)
  A naga (Snake:4)
  An ogre (Depths:2)
  A boggart (Vaults:1)
  A scorpion (D:14)
  An orc priest (Orc:2)
  21 fungi
  6 plants
  2 starspawn tentacles (WizLab)
47 creatures vanquished.

Grand Total: 2930 creatures vanquished

Notes
Turn   | Place    | Note
-------+----------+-------------------------------------------
     0 | D:1      | Blomdor the Barachi Warper began the quest for the Orb.
     0 | D:1      | Reached XP level 1. HP: 17/17 MP: 3/3
   141 | D:1      | Reached XP level 2. HP: 19/23 MP: 5/5
   198 | D:1      | Found a shimmering altar of Xom.
   510 | D:2      | Reached XP level 3. HP: 25/28 MP: 6/6
  1710 | D:3      | Reached XP level 4. HP: 21/34 MP: 7/7
  1905 | D:3      | Found a hide-covered altar of Uskayaw.
  2039 | D:3      | Found an ancient bone altar of Kikubaaqudgha.
  2045 | D:3      | Found a basalt altar of Yredelemnul.
  2046 | D:3      | Found an ornate altar of the Wu Jian Council.
  2049 | D:3      | Found a sacrificial altar of Ru.
  2052 | D:3      | Found a bloodstained altar of Trog.
  2688 | D:4      | Reached skill level 1 in Shields
  2688 | D:4      | Reached XP level 5. HP: 15/41 MP: 8/8
  2943 | D:4      | Noticed an ogre
  2950 | D:4      | Killed an ogre
  2950 | D:4      | Reached skill level 5 in Axes
  3190 | D:4      | Noticed Beardo's ghost (amateur TeSk)
  3215 | D:4      | Killed Beardo's ghost
  3215 | D:4      | Reached XP level 6. HP: 13/48 MP: 9/9
  4106 | D:4      | Noticed a phantom
  4150 | D:4      | Killed a phantom
  4150 | D:4      | Reached XP level 7. HP: 47/54 MP: 10/10
  4187 | D:5      | Entered Level 5 of the Dungeon
  4213 | D:5      | Found a shadowy altar of Dithmenos.
  4377 | D:5      | Found an iron altar of Okawaru.
  4382 | D:5      | Became a worshipper of Warmaster Okawaru
  4623 | D:5      | Noticed a water elemental
  4624 | D:5      | Found a stormy altar of Qazlal.
  4624 | D:5      | Noticed a fire elemental
  4625 | D:5      | Noticed an air elemental
  4650 | D:5      | Noticed Jessica
  4658 | D:5      | Killed Jessica
  4660 | D:5      | Found a deep blue altar of Sif Muna.
  5002 | D:5      | Noticed Edmund
  5064 | D:5      | Killed Edmund
  5064 | D:5      | Reached skill level 1 in Invocations
  5064 | D:5      | Reached XP level 8. HP: 22/61 MP: 11/11
  5079 | D:5      | Reached * piety under Okawaru
  5350 | D:6      | Reached skill level 5 in Fighting
  5916 | D:6      | Got a translucent spear {drain}
  5917 | D:6      | Identified the +4 spear "Axaqomm" {drain, MR+ Int+4 SInv} (You took it off an orc on level 6 of the Dungeon)
  5960 | D:6      | Reached skill level 5 in Armour
  6323 | D:6      | Reached ** piety under Okawaru
  6563 | D:6      | Reached XP level 9. HP: 65/69 MP: 12/12
  6667 | D:6      | Found the +4 Vampire's Tooth {vamp}
  6835 | D:7      | Found a staircase to the Ecumenical Temple.
  6947 | D:7      | Got a scorched buckler
  6953 | D:7      | Identified the +2 buckler of Wid Liod {Str+3} (You found it on level 7 of the Dungeon)
  6988 | D:7      | Noticed triglyceri's ghost (novice MfSk)
  7002 | D:7      | Killed triglyceri's ghost
  7002 | D:7      | Reached *** piety under Okawaru
  7719 | D:7      | Reached skill level 10 in Axes
  7847 | D:7      | Found a glowing golden altar of the Shining One.
  7956 | D:8      | Reached XP level 10. HP: 72/79 MP: 10/13
  8627 | D:9      | Reached **** piety under Okawaru
  9235 | D:9      | Reached skill level 5 in Invocations
  9530 | D:9      | Found a bloodstained altar of Trog.
  9749 | D:9      | Found a blossoming altar of Fedhas.
 10131 | D:10     | Entered Level 10 of the Dungeon
 10173 | D:10     | Received a gift from Okawaru
 10423 | D:10     | Found Qiezirub's General Store.
 10426 | D:10     | Bought a scroll of holy word for 112 gold pieces
 10426 | D:10     | Bought an uncursed ring of poison resistance for 300 gold pieces
 10662 | D:10     | Reached ***** piety under Okawaru
 10670 | D:10     | Noticed a cyclops
 10682 | D:10     | Killed a cyclops
 10935 | D:10     | Reached XP level 11. HP: 79/87 MP: 15/15
 11035 | D:10     | Noticed a two-headed ogre
 11040 | D:10     | Killed a two-headed ogre
 11149 | D:10     | Found a staircase to the Lair.
 11297 | D:10     | Noticed a green ugly thing
 11305 | D:10     | Killed a green ugly thing
 11356 | D:10     | Noticed an ogre mage
 11397 | D:10     | Killed an ogre mage
 11604 | D:10     | Identified a scroll of acquirement
 11832 | Lair:1   | Entered Level 1 of the Lair of Beasts
 11973 | Lair:1   | Reached ****** piety under Okawaru
 12024 | Lair:1   | Received a gift from Okawaru
 12625 | Lair:2   | Found a staircase to the Swamp.
 12632 | Lair:2   | Reached skill level 10 in Fighting
 12632 | Lair:2   | Reached skill level 10 in Armour
 12763 | Lair:2   | Noticed an oklob plant
 12764 | Lair:2   | Noticed an oklob plant
 12846 | Lair:2   | Reached XP level 12. HP: 86/97 MP: 17/17
 13395 | Lair:3   | Noticed Harold
 13410 | Lair:3   | Received a gift from Okawaru
 13413 | Lair:3   | Killed Harold
 14294 | Lair:4   | Noticed a five-headed hydra
 14312 | Lair:4   | Killed a five-headed hydra
 14320 | Lair:4   | Received a gift from Okawaru
 14661 | Lair:4   | Found a staircase to the Snake Pit.
 15385 | Lair:4   | Gained mutation: You can hop longer distances. [Barachi growth]
 15385 | Lair:4   | Reached XP level 13. HP: 58/106 MP: 19/19
 15788 | Lair:5   | Received a gift from Okawaru
 15791 | Lair:5   | Got an ichor-stained cloak {god gift}
 15797 | Lair:5   | Identified the +0 cloak "Huseniv" {Str+3 Int+2} (Okawaru gifted it to you on level 5 of the Lair of Beasts)
 15941 | Lair:5   | Noticed an entropy weaver
 15982 | Lair:5   | Killed an entropy weaver
 16096 | Lair:5   | Reached skill level 15 in Axes
 16274 | Lair:5   | Noticed an entropy weaver
 16426 | Lair:5   | Killed an entropy weaver
 16435 | Lair:5   | Reached skill level 5 in Shields
 17158 | Lair:5   | Found a staircase to the Slime Pits.
 17862 | Lair:5   | Gained mutation: Your flesh is cold resistant. (rC+) [potion of mutation]
 17862 | Lair:5   | Lost mutation: Your flesh is cold resistant. (rC+) [potion of mutation]
 17862 | Lair:5   | Gained mutation: You are clumsy. (Dex -2) [potion of mutation]
 17862 | Lair:5   | Gained mutation: Your flesh is cold resistant. (rC+) [potion of mutation]
 18127 | Lair:6   | Entered Level 6 of the Lair of Beasts
 18209 | Lair:5   | Received a gift from Okawaru
 18603 | Lair:6   | Reached XP level 14. HP: 79/116 MP: 20/20
 19035 | Lair:6   | Received a gift from Okawaru
 19548 | Lair:6   | Received a gift from Okawaru
 19587 | Lair:6   | Got a twisted battleaxe {god gift}
 20226 | D:11     | Found a staircase to the Orcish Mines.
 20437 | D:11     | You fall through a shaft for 3 floors!
 20494 | D:14     | Received a gift from Okawaru
 21056 | Orc:1    | Entered Level 1 of the Orcish Mines
 21340 | Orc:2    | Entered Level 2 of the Orcish Mines
 21511 | Orc:2    | Noticed an orc warlord
 21518 | Orc:1    | Noticed an orc warlord
 21561 | Orc:1    | Killed an orc warlord
 21626 | Orc:1    | Found a roughly hewn altar of Beogh.
 21630 | Orc:1    | Found Evaxzax's Jewellery Emporium.
 21727 | Orc:2    | Reached XP level 15. HP: 56/125 MP: 18/21
 21737 | Orc:2    | Killed an orc warlord
 21737 | Orc:2    | Received a gift from Okawaru
 22115 | Orc:2    | Found Wihuizan's Magic Scroll Emporium.
 22119 | Orc:2    | Found Kionkoz's Magic Scroll Shoppe.
 22343 | Orc:2    | Bought a scroll of identify for 22 gold pieces
 22343 | Orc:2    | Bought a scroll of identify for 22 gold pieces
 22343 | Orc:2    | Bought a scroll of enchant weapon for 82 gold pieces
 22343 | Orc:2    | Bought a scroll of blinking for 82 gold pieces
 22345 | Orc:2    | Bought a scroll of identify for 32 gold pieces
 22345 | Orc:2    | Bought a scroll of identify for 32 gold pieces
 22345 | Orc:2    | Bought a scroll of identify for 32 gold pieces
 22345 | Orc:2    | Bought a scroll of identify for 32 gold pieces
 22465 | Orc:2    | Gained mutation: Scrolls take you a little longer to read. [a neqoxec]
 22471 | Orc:2    | Lost mutation: Scrolls take you a little longer to read. [potion of mutation]
 22471 | Orc:2    | Lost mutation: You are clumsy. (Dex -2) [potion of mutation]
 22471 | Orc:2    | Gained mutation: Your mind is acute. (Int +2) [potion of mutation]
 22471 | Orc:2    | Gained mutation: Your muscles are strong. (Str +2) [potion of mutation]
 22483 | Orc:2    | Found Lusiunla's Book Boutique.
 22483 | Orc:2    | Found a one-way gate leading to the halls of Pandemonium.
 22483 | Orc:2    | Found Mosh's Antique Weapon Shop.
 22841 | Orc:2    | Received a gift from Okawaru
 23163 | Orc:2    | Found a staircase to the Elven Halls.
 24246 | D:13     | Noticed Urug
 24256 | D:13     | Killed Urug
 24671 | D:14     | Received a gift from Okawaru
 24677 | D:14     | Got a jewelled helmet {god gift}
 24678 | D:14     | Identified the -1 helmet "Feocs" {MR+ Dex+2} (Okawaru gifted it to you on level 14 of the Dungeon)
 25048 | D:14     | HP: 6/190 [meliai/divine providence (12)]
 25048 | D:14     | HP: 1/190 [meliai/trident (5)]
 25392 | D:14     | Found a gate to the Vaults.
 25398 | D:14     | Reached skill level 10 in Shields
 25505 | D:14     | Found Tyan Qio's Antique Armour Shop.
 25514 | D:14     | Reached XP level 16. HP: 134/134 MP: 22/22
 25516 | D:14     | Bought a scorched plate armour for 896 gold pieces
 25516 | D:14     | Bought a shiny helmet for 240 gold pieces
 25516 | D:14     | Bought a glowing shield for 240 gold pieces
 25526 | D:14     | Identified the +4 plate armour of the World {rC+ Str+2 Stlth+} (You bought it in a shop on level 14 of the Dungeon)
 25667 | D:15     | Entered Level 15 of the Dungeon
 25748 | D:15     | Noticed Agnes
 25766 | D:15     | Killed Agnes
 26285 | D:15     | Found a staircase to the Depths.
 26300 | D:15     | Received a gift from Okawaru
 26434 | D:15     | Reached skill level 15 in Fighting
 26699 | Snake:1  | Entered Level 1 of the Snake Pit
 27213 | Snake:1  | Received a gift from Okawaru
 27223 | Snake:1  | Reached skill level 15 in Armour
 27341 | Snake:2  | Found Eme Isku's Antique Armour Shop.
 27352 | Snake:2  | Noticed Saint Roka
 27379 | Snake:2  | Killed Saint Roka
 27468 | Snake:2  | Received a gift from Okawaru
 27808 | Snake:2  | Reached XP level 17. HP: 114/143 MP: 23/23
 27974 | Snake:3  | Received a gift from Okawaru
 28533 | Snake:3  | Noticed Aizul
 28553 | Snake:3  | Killed Aizul
 28811 | Snake:4  | Entered Level 4 of the Snake Pit
 28915 | Snake:4  | Received a gift from Okawaru
 28987 | Snake:4  | Received a gift from Okawaru
 29387 | Snake:4  | Received a gift from Okawaru
 29450 | Snake:4  | Reached XP level 18. HP: 153/153 MP: 24/24
 29922 | Snake:4  | Got a serpentine rune of Zot
 30187 | Swamp:1  | Entered Level 1 of the Swamp
 30232 | Swamp:1  | Received a gift from Okawaru
 31420 | Swamp:3  | Found a frozen archway.
 31448 | IceCv    | Entered an ice cave
 31530 | IceCv    | Received a gift from Okawaru
 32791 | Swamp:3  | Noticed Nikola
 32804 | Swamp:3  | Killed Nikola
 32804 | Swamp:3  | Received a gift from Okawaru
 33191 | Swamp:4  | Entered Level 4 of the Swamp
 33299 | Swamp:4  | Reached XP level 19. HP: 161/161 MP: 25/25
 33372 | Swamp:4  | Noticed Mara
 33376 | Swamp:4  | Noticed Blomdor's illusion
 33749 | Swamp:4  | Killed Mara
 33781 | Swamp:4  | Noticed Kirke
 34141 | Swamp:4  | Noticed Donald
 34146 | Swamp:4  | Killed Kirke
 34146 | Swamp:4  | Received a gift from Okawaru
 34256 | Swamp:4  | Killed Donald
 34811 | Swamp:4  | Got a decaying rune of Zot
 35254 | Elf:1    | Entered Level 1 of the Elven Halls
 35271 | Elf:1    | Gained mutation: You tend to lose your temper in combat. [a neqoxec]
 35276 | Elf:1    | Gained mutation: Your body sometimes deteriorates upon taking damage. [a neqoxec]
 35473 | Elf:1    | Noticed a golden dragon
 35473 | Elf:1    | a frost giant changed into a golden dragon
 35475 | Elf:1    | Noticed a caustic shrike
 35475 | Elf:1    | a golden dragon changed into a caustic shrike
 35476 | Elf:1    | Noticed a golden dragon
 35476 | Elf:1    | a caustic shrike changed into a golden dragon
 35479 | Elf:1    | a golden dragon changed into an iron dragon
 35492 | Orc:2    | Received a gift from Okawaru
 36624 | Elf:1    | Received a gift from Okawaru
 36643 | Elf:2    | Reached XP level 20. HP: 137/171 MP: 26/26
 36808 | Elf:2    | Found a white marble altar of Elyvilon.
 36808 | Elf:2    | Found a ruined gateway.
 36808 | Elf:2    | Found a glowing golden altar of the Shining One.
 36808 | Elf:2    | Found a glowing silver altar of Zin.
 37167 | Desolati | Entered the Desolation of Salt
 37299 | Desolati | Received a gift from Okawaru
 37303 | Desolati | Got a faintly glowing cloak {god gift}
 37304 | Desolati | Identified the +3 cloak of Trumpets {rElec rC+ rCorr Str-2} (Okawaru gifted it to you in the Desolation of Salt)
 37947 | Desolati | Reached skill level 15 in Shields
 38079 | Desolati | Got a fine cloak
 38080 | Desolati | Identified the cursed +0 cloak of Impatience {rElec} (You found it in the Desolation of Salt)
 38530 | Desolati | Reached skill level 5 in Dodging
 38620 | Desolati | Received a gift from Okawaru
 39016 | Elf:2    | Found a huge runed gate.
 39016 | Elf:2    | Found a huge runed gate.
 39026 | Elf:2    | Found a huge runed gate.
 39579 | Elf:3    | Entered Level 3 of the Elven Halls
 39586 | Elf:3    | Received a gift from Okawaru
 39711 | Elf:3    | Reached XP level 21. HP: 143/180 MP: 27/27
 41109 | Elf:3    | Received a gift from Okawaru
 41232 | Elf:3    | Found the ring of Phasing {EV+8}
 41232 | Elf:3    | Found the ring of the Mage {Wiz MR++ Int+3}
 41232 | Elf:3    | Found the +6 Majin-Bo {vamp, Archmagi MP+6 Int+6}
 41445 | Elf:3    | Identified the Tome of Calling and Displacement
 41743 | Vaults:1 | Entered Level 1 of the Vaults
 41840 | Vaults:1 | Received a gift from Okawaru
 42043 | Vaults:1 | Found Zomitz's Distillery.
 42057 | Vaults:1 | Found Fyrid's Antique Armour Shoppe.
 42064 | Vaults:1 | Bought a potion of mutation for 136 gold pieces
 42064 | Vaults:1 | Lost mutation: Your mind is acute. (Int +2) [potion of mutation]
 42064 | Vaults:1 | Lost mutation: You tend to lose your temper in combat. [potion of mutation]
 42064 | Vaults:1 | Lost mutation: Your muscles are strong. (Str +2) [potion of mutation]
 42064 | Vaults:1 | Gained mutation: You are dopey. (Int -2) [potion of mutation]
 42064 | Vaults:1 | Gained mutation: You are partially covered in yellow scales. (AC +2) [potion of mutation]
 42064 | Vaults:1 | Gained mutation: You possess an exceptional clarity of mind. [potion of mutation]
 42080 | Vaults:1 | Bought a glowing hat for 238 gold pieces
 42243 | Vaults:1 | Bought a potion of curing for 51 gold pieces
 42243 | Vaults:1 | Bought a potion of haste for 170 gold pieces
 42243 | Vaults:1 | Bought a potion of curing for 51 gold pieces
 42243 | Vaults:1 | Bought a potion of curing for 51 gold pieces
 42243 | Vaults:1 | Bought a potion of curing for 51 gold pieces
 42243 | Vaults:1 | Bought a potion of invisibility for 136 gold pieces
 42243 | Vaults:1 | Bought a potion of agility for 68 gold pieces
 42243 | Vaults:1 | Bought a potion of berserk rage for 85 gold pieces
 43194 | Vaults:2 | Reached XP level 22. HP: 190/190 MP: 28/28
 43291 | Vaults:2 | Received a gift from Okawaru
 43301 | Vaults:2 | Got a polished chain mail {god gift}
 43302 | Vaults:2 | Identified the +0 chain mail "Haunoff" {Str+4 Dex+4} (Okawaru gifted it to you on level 2 of the Vaults)
 43414 | Vaults:2 | Reached skill level 10 in Dodging
 43691 | Vaults:2 | Found the ring of Shadows {Umbra +Inv Stlth+}
 44485 | Vaults:3 | Received a gift from Okawaru
 44955 | Vaults:3 | Found a staircase to the Crypt.
 45111 | Crypt:1  | Entered Level 1 of the Crypt
 45483 | Crypt:1  | Paralysed by a vampire knight for 5 turns
 45930 | Crypt:1  | Received a gift from Okawaru
 46123 | Crypt:1  | Noticed Sojobo
 46152 | Crypt:1  | Killed Sojobo
 46478 | Crypt:1  | Reached XP level 23. HP: 146/199 MP: 29/29
 47076 | Crypt:2  | Noticed Xtahua
 47104 | Crypt:2  | Killed Xtahua
 47490 | Crypt:2  | Received a gift from Okawaru
 47680 | Crypt:2  | Noticed Margery
 47700 | Crypt:2  | Killed Margery
 47788 | Crypt:3  | Entered Level 3 of the Crypt
 48002 | Crypt:3  | Found an ancient bone altar of Kikubaaqudgha.
 48039 | Crypt:3  | Received a gift from Okawaru
 48317 | Crypt:3  | Received a gift from Okawaru
 48588 | Crypt:3  | Got a scintillating turquoise ring
 48588 | Crypt:3  | Got a transparent platinum ring
 48588 | Crypt:3  | Got an ancient pewter ring
 48663 | Crypt:3  | Received a gift from Okawaru
 49141 | Crypt:3  | Noticed Khufu
 49167 | Crypt:3  | Killed Khufu
 49174 | Crypt:3  | Found a staircase to the Tomb.
 49346 | Crypt:3  | Found the +3 sling "Punk" {acid, rCorr}
 49402 | Crypt:3  | Received a gift from Okawaru
 49420 | Crypt:3  | Identified a +2 pair of boots of running (Okawaru gifted it to you on level 3 of the Crypt)
 49681 | Crypt:3  | Reached XP level 24. HP: 202/210 MP: 29/29
 50161 | Crypt:3  | Identified the ring of Ecetzif {rPois rF++ rN+ Dex-3 Slay+3} (You found it on level 3 of the Crypt)
 50164 | Crypt:3  | Identified the ring "Xanesahi" {rPois rN+ Str+9 Int-4 Slay-2} (You found it on level 3 of the Crypt)
 50168 | Crypt:3  | Identified the ring of Contentment {rElec rC- rN+ Stlth+} (You found it on level 3 of the Crypt)
 51017 | Vaults:3 | Received a gift from Okawaru
 52064 | Vaults:4 | Found Astrap's Distillery.
 52080 | Vaults:4 | Bought 2 potions of curing for 78 gold pieces
 52080 | Vaults:4 | Bought a potion of might for 52 gold pieces
 52080 | Vaults:4 | Bought a potion of haste for 130 gold pieces
 52080 | Vaults:4 | Bought a potion of agility for 52 gold pieces
 52080 | Vaults:4 | Bought a potion of curing for 39 gold pieces
 52080 | Vaults:4 | Bought a potion of agility for 52 gold pieces
 52080 | Vaults:4 | Bought a potion of might for 52 gold pieces
 52080 | Vaults:4 | Bought a potion of mutation for 104 gold pieces
 52222 | Vaults:4 | Received a gift from Okawaru
 52578 | Vaults:5 | Entered Level 5 of the Vaults
 52599 | Vaults:4 | Reached XP level 25. HP: 214/219 MP: 29/29
 52644 | Vaults:4 | Reached skill level 15 in Dodging
 52838 | Vaults:5 | Received a gift from Okawaru
 52923 | Vaults:5 | Noticed an ancient lich
 52924 | Vaults:5 | Received a gift from Okawaru
 52947 | Vaults:5 | Killed an ancient lich
 52947 | Vaults:5 | Received a gift from Okawaru
 52971 | Vaults:5 | Got a steaming wooden ring
 52983 | Vaults:5 | Got a crystal broad axe {flame}
 52984 | Vaults:5 | Identified the +4 broad axe "Ejuabung" {flame, rF+ MP+9 Int+2} (You took it off a tengu reaver on level 5 of the Vaults)
 52986 | Vaults:5 | Identified the ring of Voghierita {Str+3 Int+3 Dex+2} (You took it off a fire giant on level 5 of the Vaults)
 53012 | Vaults:5 | Got a heavily runed lapis lazuli ring
 53056 | Vaults:5 | Identified the ring of Egalitarianism {rF+ EV+5 Int+3} (You took it off a vault warden on level 5 of the Vaults)
 53132 | Vaults:5 | Received a gift from Okawaru
 53213 | Vaults:5 | Reached XP level 26. HP: 229/229 MP: 29/29
 53490 | Vaults:5 | Found Pel Meipt's Armour Emporium.
 53800 | Vaults:5 | Noticed an ancient lich
 53826 | Vaults:5 | HP: 8/229 [green death/poison arrow[an ancient lich] (7)]
 53831 | Vaults:4 | HP: 6/229 [poisoned by a green death (poison arrow)]
 53836 | Vaults:4 | HP: 4/229 [poisoned by a green death (poison arrow)]
 53842 | Vaults:4 | HP: 3/229 [poisoned by a green death (poison arrow)]
 53847 | Vaults:4 | HP: 3/229 [poisoned by a green death (poison arrow)]
 53855 | Vaults:4 | HP: 3/229 [poisoned by a green death (poison arrow)]
 53860 | Vaults:4 | HP: 4/229 [poisoned by a green death (poison arrow)]
 53866 | Vaults:4 | HP: 5/229 [poisoned by a green death (poison arrow)]
 53871 | Vaults:4 | HP: 6/229 [poisoned by a green death (poison arrow)]
 54432 | Vaults:5 | Killed an ancient lich
 54543 | Vaults:5 | Got a silver rune of Zot
 55173 | Depths:1 | Entered Level 1 of the Depths
 55701 | Depths:1 | Found a runed gate.
 55701 | Depths:1 | Found a runed gate.
 55701 | Depths:1 | Found a runed gate.
 55702 | Depths:1 | Found the +2 Maxwell's thermic engine {flame, freeze, rF- rC-}
 55702 | Depths:1 | Found a runed gate.
 55702 | Depths:1 | Found a runed gate.
 55702 | Depths:1 | Found a runed gate.
 55782 | Depths:1 | Received a gift from Okawaru
 55959 | Depths:1 | Found a gateway to Hell.
 56137 | Depths:1 | Found Teazuha's Jewellery Emporium.
 56139 | Depths:1 | Found Fusautost's Gadget Shop.
 56140 | Depths:1 | Found Cyteitucad's Jewellery Emporium.
 56581 | Depths:1 | HP: 10/231 [balrug/divine providence (16)]
 57860 | Depths:3 | Found Rekuez's Antique Armour Shop.
 57908 | Depths:3 | Found a one-way gate to the infinite horrors of the Abyss.
 58049 | Depths:3 | Received a gift from Okawaru
 58229 | Depths:3 | Reached XP level 27. HP: 199/240 MP: 29/29
 58285 | Depths:3 | Paralysed by a floating eye for 2 turns
 58742 | Depths:3 | Received a gift from Okawaru
 59361 | Depths:3 | Found the +9 staff of Wucad Mu {channel}
 59422 | Depths:4 | Found Deni's Armour Shoppe.
 59541 | Depths:4 | Found a transporter.
 59670 | Depths:4 | Found a magical portal.
 59682 | WizLab   | Entered The Roulette of Golubria
 59682 | WizLab   | Found a transporter.
 59685 | WizLab   | Found a corrupted altar of Lugonu.
 59686 | WizLab   | Found the +1 cloak of Starlight {rElec rC+ EV+4 Stlth--}
 59686 | WizLab   | Found the +2 cloak of the Thief {+Fog Slay-2 SInv Stlth+}
 59708 | WizLab   | Found a transporter.
 59756 | WizLab   | Found a transporter.
 59853 | WizLab   | Found a transporter.
 59860 | WizLab   | Found a transporter.
 59867 | WizLab   | Found a transporter.
 59909 | WizLab   | Found a corrupted altar of Lugonu.
 59947 | WizLab   | Found a transporter.
 59948 | WizLab   | Found a corrupted altar of Lugonu.
 59966 | WizLab   | Found a transporter.
 60018 | WizLab   | Found a transporter.
 60096 | WizLab   | Found a transporter.
 60175 | WizLab   | Found a transporter.
 60175 | WizLab   | Found a transporter.
 60198 | WizLab   | Found a transporter.
 60198 | WizLab   | Found a transporter.
 60265 | WizLab   | Found a transporter.
 60265 | WizLab   | Found a transporter.
 60291 | WizLab   | Found a transporter.
 60291 | WizLab   | Found a transporter.
 60339 | WizLab   | Found a transporter.
 60812 | WizLab   | Found a transporter.
 60823 | WizLab   | Received a gift from Okawaru
 60883 | WizLab   | Got a faintly glowing cloak
 60891 | WizLab   | Got a faintly glowing cloak
 60898 | WizLab   | Identified the -5 cloak "Wegah" {rElec} (You found it in a wizard's laboratory)
 60902 | WizLab   | Identified the +1 cloak of Intercession {*Corrode rElec Str+8 SInv} (You found it in a wizard's laboratory)
 61048 | Depths:4 | Found a gateway to a ziggurat.
 61099 | Depths:4 | Found a transporter.
 61461 | Depths:4 | Received a gift from Okawaru
 61548 | Depths:4 | Got a transparent broad axe
 61549 | Depths:4 | Identified the +0 broad axe of the Stork {antimagic, rElec Dex+2} (You found it on level 4 of the Depths)
 61568 | Depths:4 | Got a scorched pewter amulet
 61592 | Depths:4 | Got a fine bone ring
 61593 | Depths:4 | Identified an amulet "Pongemula" {Inacc SInv} (You found it on level 4 of the Depths)
 61595 | Depths:4 | Identified the ring "Gigon" {rPois rC+ Int+2} (You found it on level 4 of the Depths)
 61638 | Depths:5 | Entered Level 5 of the Depths
 61926 | Depths:5 | Received a gift from Okawaru
 61941 | Depths:5 | Received a gift from Okawaru
 61984 | Depths:5 | Found an iron altar of Okawaru.
 61985 | Depths:5 | Found a deep blue altar of Sif Muna.
 61985 | Depths:5 | Found a blossoming altar of Fedhas.
 61998 | Depths:5 | Noticed a juggernaut
 62013 | Depths:5 | Killed a juggernaut
 62163 | Depths:5 | Found a gate to the Realm of Zot.
 62340 | Depths:5 | Reached skill level 27 in Armour
 62707 | Depths:5 | Received a gift from Okawaru
 62716 | Depths:5 | Got a fine large shield {god gift}
 62717 | Depths:5 | Identified the +3 large shield "Ypaaniuv" {Regen+} (Okawaru gifted it to you on level 5 of the Depths)
 62898 | Depths:5 | Got a sparkling granite ring
 63097 | Depths:5 | Identified the ring "Qeon" {*Tele rF+ MR+ Str+4} (You took it off a yaktaur captain on level 5 of the Depths)
 63211 | Zot:1    | Entered Level 1 of the Realm of Zot
 63520 | Zot:1    | Noticed an orb of fire
 63533 | Zot:1    | Noticed an orb of fire
 63540 | Zot:1    | Killed an orb of fire
 63560 | Zot:1    | Gained mutation: Your magical capacity is low. (-10% MP) [an orb of fire]
 63561 | Zot:1    | Killed an orb of fire
 63561 | Zot:1    | Received a gift from Okawaru
 64192 | Zot:1    | Received a gift from Okawaru
 64861 | Zot:3    | Reached skill level 27 in Fighting
 64930 | Zot:3    | Reached skill level 1 in Evocations
 65071 | Zot:3    | Received a gift from Okawaru
 65071 | Zot:3    | Reached skill level 5 in Evocations
 66002 | Zot:4    | Reached skill level 10 in Evocations
 66317 | Zot:4    | Received a gift from Okawaru
 66370 | Zot:4    | Noticed an orb of fire
 66372 | Zot:4    | Gained mutation: You are partially covered in iridescent scales. (AC +2) [an orb of fire]
 66387 | Zot:4    | Killed an orb of fire
 66873 | Zot:5    | Entered Level 5 of the Realm of Zot
 67148 | Zot:5    | Received a gift from Okawaru
 67373 | Zot:5    | Reached skill level 15 in Evocations
 67399 | Zot:5    | Noticed an ancient lich
 67412 | Zot:5    | Killed an ancient lich
 67444 | Zot:5    | Noticed an ancient lich
 67445 | Zot:5    | Noticed an ancient lich
 67445 | Zot:5    | Noticed an orb of fire
 67453 | Zot:5    | Killed an ancient lich
 67454 | Zot:5    | Noticed an ancient lich
 67456 | Zot:5    | Gained mutation: You are weak. (Str -2) [an orb of fire]
 67461 | Zot:5    | Killed an ancient lich
 67463 | Zot:5    | Gained mutation: Scrolls take you a little longer to read. [an orb of fire]
 67476 | Zot:5    | Gained mutation: You are clumsy. (Dex -2) [an orb of fire]
 67477 | Zot:5    | Killed from afar by an ancient lich

Vault maps used:
D:1:      dpeg_arrival_shelter, xom_teletrap_fun
D:2:      serial_park_tiny_pond
D:3:      lemuel_doored_altar, minitemple, first_bread, hex_tiny
D:5:      nicolae_qazlal_style_of_elements, kennysheep_little_box, tgw_sif,
          nicolae_dithmenos_through_a_glass_darkly, uniq_edmund
D:6:      minmay_guarded_unrand_vampires_tooth
D:7:      nicolae_tso_carved_into_rock, temple_hall, the_bakery
D:9:      fedhas_altar_4, minmay_strange_pillars, trog_ov_bears_minmay
D:10:     grunt_lair_entry_orc_guard_hut, serial_shops,
          nicolae_shop_behind_doors, minmay_librarian
D:11:     orc_0_dummy
D:13:     uniq_urug
D:14:     david_vaults_1, serial_shops, shop, lightli_minifort
D:15:     grunt_enter_depths_snipers, special_room, serial_park_tiny_2,
          corexii_checkpoint_a, uniq_agnes
Lair:1:   grunt_megastairs_3
Lair:2:   swamp_mist_pool, minmay_lair_oklob_chamber
Lair:3:   minivault_25, forest_entry_grove, uniq_harold
Lair:4:   minmay_snake_entry_guardpost_medium
Lair:5:   lemuel_slime, nicolae_slime_entry_slimehenge, minmay_another_anthill
Lair:6:   minmay_lair_end_enchanted_forest, serial_bayou_pond_e
Swamp:1:  evilmike_swamp_ruin_rubble_2
Swamp:2:  evilmike_swamp_ruin_house_6
Swamp:3:  portal_ice_cave_entry_ugly_swarm, nicolae_swamp_round_clearing,
          swamp_pool3, uniq_nikola
Swamp:4:  swamp_vile, swamp_pool2, hangedman_swamp_dais, uniq_kirke, uniq_mara,
          uniq_donald
Snake:2:  serial_shops, shop, serial_bayou_lagoon_a,
          nicolae_coiled_stairwell_down, uniq_saint_roka
Snake:3:  uniq_aizul
Snake:4:  minmay_snake_end_coiled, nrook_guardian_serpent_ordinary
Orc:1:    basic_altar, serial_shops, shop
Orc:2:    pf_orc_diabolical, statue_in_the_mist_lemuel
Elf:1:    elf_arrival_002, kennysheep_underground_church
Elf:2:    portal_desolation_entry_holy_temple
Elf:3:    elf_hall_gauntlet_narrow
Vaults:1: hangedman_vaults_capsules, hangedman_vaults_corner_blocks,
          vaults_mumra_chevron_long, ontoclasm_vaults_eye, v_misc_12, v_misc_8,
          nicolae_vaults_diagonal_hallway_6, vaults_room_large_hall,
          vaults_room_grid, hangedman_vaults_snaps,
          nicolae_vaults_three_branches, v_pattern_5,
          nicolae_vaults_little_squares_5, serial_shops, shop, shop_fountains
Vaults:2: grunt_vaults_swirl, v_misc_10, hangedman_vaults_trim, st_spiral_rooms,
          vaults_mumra_chevron, nicolae_vaults_network_s,
          ontoclasm_vaults_ligature
Vaults:3: v_misc_27, v_alt_pattern_3, grunt_vaults_hallway_long,
          vaults_room_ringed_pool, ontoclasm_vaults_ring_small,
          nicolae_vaults_little_squares_3, vaults_dpeg_cross, serial_ice_b,
          nicolae_vaults_theta, nicolae_vaults_little_squares_4,
          minmay_crypt_entry_simple_sparse, nicolae_vaults_little_squares_5,
          vaults_room_door_ring
Vaults:4: v_misc_28, nicolae_vaults_shelves_hall, v_pattern_2, v_misc_23,
          v_misc_28, serial_ice_h, ontoclasm_vaults_loading_screen,
          nicolae_vaults_angled_halls, dpeg_vaults_waves,
          grunt_vaults_hallway_long, serial_shops, nicolae_shop_stone
Crypt:1:  minivault_11, uniq_sojobo
Crypt:2:  uniq_xtahua, uniq_margery
Crypt:3:  grunt_crypt_end_deaths_head
Depths:1: grunt_mini_vestibule, roderic_malta_cross, grunt_pan_entry_in_and_out,
          brannock_guarded_unrand_thermic_engine, minmay_shop_grove
Depths:2: minmay_isolated_rectangles_in_corner, hell_entry,
          minmay_tree_intersection, serial_bayou_shore_b,
          hangedman_decor_cross_pass
Depths:3: minmay_glassy_protrusions, hell_entry, abyss_entry, kennysheep_nub,
          serial_shops, shop, grunt_pan_entry_spiral, st_stairs_5,
          nrook_loot_triangle, minmay_swirly_circle
Depths:4: gammafunk_dig_for_victory, enter_ziggurat_b, minmay_room_of_horrors,
          hell_entry, serial_shops, shop_statue,
          hangedman_abyss_or_decor_clamps, mu_enter_wizlab_3, nrook_mini_vaults,
          spider_trap
Depths:5: hangedman_slaughterboxes, hell_entry, pan_entry
Zot:1:    lemuel_lake_of_fire
Zot:3:    grunt_megastairs_2
Zot:4:    nicolae_moth_party
Zot:5:    st_stairs_7
IceCv:    ice_cave_caverns_03
WizLab:   wizlab_golubria

Skill      XL: |  1  2  3  4  5  6  7  8  9 10 11 12 13 14 15 16 17 18 19 20 21 22 23 24 25 26 27 |
---------------+----------------------------------------------------------------------------------+-----
Axes           | 3 4 5 6 7 8 10 11 13 14 15 17 18 19 20 21 22 | 22.6
Fighting       | 3 4 6 7 8 10 11 12 13 14 15 16 17 18 19 20 21 22 23 24 27 | 27.0
Armour         | 2 3 4 5 7 8 10 11 12 13 14 15 16 17 18 19 21 22 23 24 25 27 | 27.0
Shields        | 1 2 3 6 8 10 11 12 13 14 15 16 17 18 19 20 22 25 | 25.2
Invocations    | 1 2 4 5 6 8 |  8.2
Dodging        | 6 9 11 13 14 16 17 20 | 20.9
Evocations     | 16 | 16.6
Throwing       | |  1.0
Spellcasting   | |  2.1
Translocations | |  3.2

Action                   |  1- 3 |  4- 6 |  7- 9 | 10-12 | 13-15 | 16-18 | 19-21 | 22-24 | 25-27 || total
-------------------------+-------+-------+-------+-------+-------+-------+-------+-------+-------++-------
Melee: Hand axe          |   126 |   189 |   130 |       |       |       |       |       |       ||   445
       Flail             |       |       |   328 |    73 |       |       |       |       |       ||   401
       Spear             |       |       |    10 |   273 |    26 |       |       |       |       ||   309
       War axe           |       |       |       |   407 |   442 |       |       |       |       ||   849
       Broad axe         |       |       |       |       |   985 |  1511 |  1787 |  2050 |  3200 ||  9533
Throw: Tomahawk          |       |       |       |       |     1 |       |       |       |       ||     1
       Throwing net      |       |       |       |       |       |       |     1 |       |       ||     1
Invok: Heroism           |       |       |     5 |     6 |    14 |     8 |    16 |     5 |     8 ||    62
       Finesse           |       |       |       |       |       |       |       |     2 |     4 ||     6
 Abil: Hop               |       |     2 |     2 |       |     5 |       |     9 |     2 |     3 ||    23
       Stop Flying       |       |       |       |       |       |       |     1 |       |       ||     1
Evoke: Wand              |       |     7 |     1 |       |     2 |       |       |       |     4 ||    14
       Phantom mirror    |       |       |       |       |       |       |     2 |       |       ||     2
       Box of beasts     |       |       |       |       |       |       |     1 |       |       ||     1
  Use: Scroll            |     3 |     3 |     9 |     8 |    17 |     7 |     9 |    10 |    28 ||    94
       Potion            |       |     6 |     3 |     2 |     7 |       |     2 |     4 |     8 ||    32
 Stab: Distracted        |       |       |       |       |       |       |     1 |     1 |     2 ||     4
       Held in net/web   |       |       |       |       |       |       |       |       |     2 ||     2
  Eat: Chunk             |     3 |     9 |    14 |    24 |    34 |    27 |    29 |    14 |    45 ||   199
       Royal jelly       |       |       |     1 |       |     2 |     2 |     1 |       |     1 ||     7
       Fruit             |       |       |     2 |     2 |       |       |       |       |       ||     4
       Meat ration       |       |       |       |       |     1 |       |     1 |     4 |     1 ||     7
Armor: Leather armour    |    18 |       |       |       |       |       |       |       |       ||    18
       Ring mail         |     9 |       |       |       |       |       |       |       |       ||     9
       Scale mail        |     9 |    74 |    71 |       |       |       |       |       |       ||   154
       Chain mail        |       |       |   291 |   124 |       |       |       |       |       ||   415
       Plate armour      |       |       |       |   239 |   860 |   730 |  1033 |   980 |   770 ||  4612
       Gold dragon scale |       |       |       |       |       |       |       |       |   572 ||   572
Dodge: Dodged            |    79 |   106 |   224 |   186 |   474 |   400 |   630 |   744 |   990 ||  3833
Block: Buckler           |       |       |    45 |   209 |   534 |       |       |       |       ||   788
       Shield            |       |       |       |       |       |  1020 |  1167 |  1303 |   378 ||  3868
       Large shield      |       |       |       |       |       |       |       |       |  2658 ||  2658

Table legend:
 A = Spawn XP
 B = Non-spawn XP
 C = Spawn XP percentage of total XP
 D = Spawn monster count
 E = Non-spawn monster count
 F = Spawn count percentage of total count
 G = Total turns spent on level
                    A         B        C        D         E        F      G
               +---------+---------+-------+---------+---------+-------+---------
         Total |  221021 | 1668011 |  11.7 |     373 |    2506 |  13.0 | 67477
               +---------+---------+-------+---------+---------+-------+---------
           D:1 |       2 |      22 |   8.3 |       2 |      14 |  12.5 |   690
           D:2 |       9 |      47 |  16.1 |       2 |      17 |  10.5 |   984
           D:3 |       5 |      44 |  10.2 |       2 |      16 |  11.1 |   989
           D:4 |     194 |     402 |  32.6 |       8 |      10 |  44.4 |  1568
           D:5 |      96 |     463 |  17.2 |       4 |       7 |  36.4 |  1114
           D:6 |     426 |     976 |  30.4 |       9 |      26 |  25.7 |  1400
           D:7 |     149 |    1644 |   8.3 |       4 |      27 |  12.9 |  1087
           D:8 |     218 |     723 |  23.2 |       2 |      17 |  10.5 |   781
           D:9 |      73 |    1918 |   3.7 |       3 |      21 |  12.5 |  1520
          D:10 |    2221 |    3328 |  40.0 |      10 |      28 |  26.3 |  1789
          D:11 |       3 |    3676 |   0.1 |       1 |      36 |   2.7 |   800
          D:12 |     826 |    2121 |  28.0 |       6 |      18 |  25.0 |   735
          D:13 |       0 |    4314 |   0.0 |       0 |      21 |   0.0 |   581
          D:14 |    3158 |   16522 |  16.0 |       7 |      34 |  17.1 |  1429
          D:15 |    1236 |   12629 |   8.9 |       7 |      46 |  13.2 |  1009
        Lair:1 |       0 |    3397 |   0.0 |       0 |      16 |   0.0 |   919
        Lair:2 |     452 |    4615 |   8.9 |       1 |      18 |   5.3 |   668
        Lair:3 |     415 |    5204 |   7.4 |       2 |      22 |   8.3 |  1130
        Lair:4 |    4358 |    4437 |  49.6 |      19 |      20 |  48.7 |  2144
        Lair:5 |    3429 |   10912 |  23.9 |      12 |      67 |  15.2 |  2048
        Lair:6 |    4383 |   17772 |  19.8 |      14 |      75 |  15.7 |  1661
       Swamp:1 |     404 |    8467 |   4.6 |       2 |      25 |   7.4 |   648
       Swamp:2 |       0 |    7890 |   0.0 |       0 |      28 |   0.0 |   660
       Swamp:3 |     137 |   14899 |   0.9 |       1 |      27 |   3.6 |  1067
       Swamp:4 |    2553 |   53062 |   4.6 |       3 |      68 |   4.2 |  1594
       Snake:1 |     311 |   13196 |   2.3 |       2 |      26 |   7.1 |   660
       Snake:2 |    5563 |   24175 |  18.7 |      11 |      52 |  17.5 |   645
       Snake:3 |    4527 |   26098 |  14.8 |       7 |      48 |  12.7 |   901
       Snake:4 |    8644 |   47112 |  15.5 |      16 |      87 |  15.5 |  1220
         Orc:1 |     488 |    4411 |  10.0 |      12 |      43 |  21.8 |   871
         Orc:2 |     717 |   22693 |   3.1 |       6 |      88 |   6.4 |  1880
         Elf:1 |    3460 |   26757 |  11.5 |       6 |      45 |  11.8 |  1101
         Elf:2 |    7643 |   40680 |  15.8 |      12 |      52 |  18.8 |  1431
         Elf:3 |    6491 |   51547 |  11.2 |      10 |      56 |  15.2 |  1971
      Vaults:1 |   11031 |   30873 |  26.3 |      19 |      73 |  20.7 |  1348
      Vaults:2 |    4466 |   51827 |   7.9 |      12 |      81 |  12.9 |  1418
      Vaults:3 |   13619 |   39785 |  25.5 |      26 |      76 |  25.5 |  1631
      Vaults:4 |   10282 |  101441 |   9.2 |      16 |     122 |  11.6 |  1918
      Vaults:5 |    2493 |  142403 |   1.7 |       5 |     101 |   4.7 |  1362
       Crypt:1 |   13659 |   29251 |  31.8 |      17 |      34 |  33.3 |  1741
       Crypt:2 |    7050 |   37815 |  15.7 |       9 |      43 |  17.3 |  1216
       Crypt:3 |   13999 |   79778 |  14.9 |      13 |     124 |   9.5 |  2701
      Depths:1 |    5716 |   45381 |  11.2 |       4 |      51 |   7.3 |  1354
      Depths:2 |    4806 |   31980 |  13.1 |       5 |      38 |  11.6 |   828
      Depths:3 |    4228 |   74231 |   5.4 |       6 |      78 |   7.1 |  1561
      Depths:4 |     741 |   79798 |   0.9 |       1 |      86 |   1.1 |  1054
      Depths:5 |    5306 |  158166 |   3.2 |       5 |      98 |   4.9 |  1473
         Zot:1 |   21015 |   29028 |  42.0 |      10 |      10 |  50.0 |  1019
         Zot:2 |    2138 |   29461 |   6.8 |       2 |      17 |  10.5 |   372
         Zot:3 |   18903 |   57673 |  24.7 |      13 |      37 |  26.0 |  1154
         Zot:4 |   14944 |   71277 |  17.3 |       3 |      41 |   6.8 |  1117
         Zot:5 |    4034 |   73079 |   5.2 |       4 |      26 |  13.3 |   604
         IceCv |       0 |    8942 |   0.0 |       0 |      52 |   0.0 |  1113
        WizLab |       0 |   17977 |   0.0 |       0 |      36 |   0.0 |  1264
    Desolation |       0 |   41692 |   0.0 |       0 |      81 |   0.0 |  1534
               +---------+---------+-------+---------+---------+-------+---------
